 Dungeon Crawl Stone Soup version 0.24.0-123-gd5b16e6ec5 (webtiles) character file.

Game seed: 5197566769876239434, levelgen mode: deterministic

630 Bluestream the Chopper (level 7, -2/66 HPs)
             Began as a Hill Orc Fighter on Feb 4, 2020.
             Killed from afar by Thargor's ghost (12 damage)
             ... with a flame tongue
             ... on level 4 of the Dungeon.
             The game lasted 00:07:39 (3968 turns).

Bluestream the Chopper (Hill Orc Fighter)           Turns: 3968, Time: 00:07:39

Health: -2/66      AC:  5    Str: 21    XL:     7   Next: 48%
Magic:  7/7        EV:  8    Int:  8    God:
Gold:   232        SH:  9    Dex: 10    Spells: 6/6 levels left

rFire    . . .     SeeInvis .   a - +0 war axe
rCold    . . .     Gourm    .   c - +0 shield
rNeg     . . .     Faith    .   k - +0 ring mail
rPois    .         Spirit   .   (no helmet)
rElec    .         Reflect  .   (no cloak)
rCorr    .         Harm     .   (no gloves)
MR       .....                  (no boots)
Stlth    ..........             i - amulet of regeneration
HPRegen  0.61/turn              (no ring)
MPRegen  0.10/turn              (no ring)

@: no status effects
A: no striking features
a: no special abilities


You were on level 4 of the Dungeon.
You were not hungry.

You visited 1 branch of the dungeon, and saw 4 of its levels.

You collected 232 gold pieces.

Inventory:

Hand Weapons
 a - a +0 war axe (weapon)
Armour
 c - a +0 shield (worn)
 k - a +0 ring mail (worn)
Jewellery
 i - an amulet of regeneration (around neck)
 m - a +2 ring of strength {unknown}
 q - an uncursed ring of poison resistance {unknown}
Scrolls
 e - a scroll of fear {unknown}
 g - 3 scrolls of identify {unknown}
 j - a scroll of remove curse {unknown}
 l - a scroll of blinking {unknown}
 n - a scroll of amnesia {unknown}
 o - 2 scrolls of noise {unknown}
 r - a scroll of enchant weapon {unknown}
 s - 2 scrolls of immolation {unknown}
Potions
 b - a potion of mutation {unknown}
 d - a potion of might
 h - 2 potions of curing {unknown}
 p - a potion of flight {unknown}
 t - a potion of haste {unknown}
 v - 2 potions of cancellation {unknown}
 w - a potion of brilliance {unknown}
Comestibles
 f - 5 rations


   Skills:
 + Level 7.6 Fighting
 + Level 7.7 Axes
 - Level 3.2 Armour
 - Level 3.2 Shields


You had 6 spell levels left.
You didn't know any spells.
Your spell library was empty.

Dungeon Overview and Level Annotations

Branches:
Dungeon (4/15)
 Temple: D:4-7

Altars:
Fedhas
Hepliaklqana
Wu Jian

Annotations:
D:4 Thargor's ghost, amateur GnFE


Message History

The flame tongue hits you!
You miss Thargor's ghost.
Thargor's ghost is almost destroyed.
Thargor's ghost points at you and mumbles some strange words.
The flame tongue hits you!
* * * LOW HITPOINT WARNING * * *
Thargor's ghost hits you but does no damage.
You closely miss Thargor's ghost.
Thargor's ghost is almost destroyed.
Thargor's ghost points at you and mumbles some strange words.
You block the flame tongue.
You closely miss Thargor's ghost.
Thargor's ghost is almost destroyed.
Thargor's ghost hits you.
* * * LOW HITPOINT WARNING * * *
You miss Thargor's ghost.
Thargor's ghost is almost destroyed.
Thargor's ghost points at you and mumbles some strange words.
The flame tongue hits you!
You die...

...#.###.###.........รท....#......
.........#....#####.#####.#.###.#
.........#....[)..#.#.........#.#
.........##.........#.....#.#.#.#
.........#....##########..#.#.#.#
.........#..#.##.#(..(.##.#.#.#.#
.........####.##.#...(.##.#.#.#.#
.................'.8...#..#......
........#######.@W....(####......
####.#### ##.'..(..#.##...... #[#
#.#(...(#.##...... #.#
#.#.....#..#.##### #.###
#.#######....# #...#
##........####
###.##########...........#####
#......>..##.......###......
#########.##.........#######


You could see Thargor's ghost.

Vanquished Creatures
  Grinder (D:2)
  A howler monkey (D:3)
  3 hounds
  An orc wizard (D:3)
  2 orc priests
  Jessica (D:2)
  A worker ant (D:4)
  4 gnolls (D:4)
  3 adders
  4 worms
  3 leopard geckos
  10 orcs
  A ball python (D:1)
  13 giant cockroaches
  9 goblins
  5 hobgoblins
  3 jackals (D:2)
  2 quokkas
  2 bats
  6 frilled lizards
  8 kobolds
  11 rats
94 creatures vanquished.

Notes
Turn   | Place    | Note
-------+----------+-------------------------------------------
     0 | D:1      | Bluestream the Hill Orc Fighter began the quest for the
                  | Orb.
     0 | D:1      | Reached XP level 1. HP: 19/19 MP: 1/1
   127 | D:1      | Reached XP level 2. HP: 20/27 MP: 2/2
   998 | D:2      | Reached XP level 3. HP: 34/34 MP: 3/3
  1095 | D:2      | Found an ornate altar of the Wu Jian Council.
  1366 | D:2      | Noticed Jessica
  1373 | D:2      | Killed Jessica
  1373 | D:2      | Reached XP level 4. HP: 41/41 MP: 4/4
  2010 | D:3      | Reached skill level 5 in Fighting
  2155 | D:3      | Noticed Grinder
  2301 | D:3      | Found a hazy altar of Hepliaklqana.
  2302 | D:3      | Found a blossoming altar of Fedhas.
  2379 | D:3      | Reached skill level 5 in Axes
  2379 | D:3      | Reached XP level 5. HP: 48/48 MP: 5/5
  3054 | D:2      | Killed Grinder
  3054 | D:2      | Reached XP level 6. HP: 45/58 MP: 6/6
  3156 | D:4      | Reached XP level 7. HP: 44/66 MP: 7/7
  3405 | D:4      | Found a runed translucent gate.
  3405 | D:4      | Found a runed translucent gate.
  3405 | D:4      | Found a runed translucent gate.
  3406 | D:4      | Noticed Thargor's ghost (amateur GnFE)
  3968 | D:4      | Killed from afar by Thargor's ghost

Levels and vault maps discovered:
D:1:      onia_arrival_larder, layout_basic
D:2:      layout_basic, lemuel_round_altar, uniq_jessica
D:3:      layout_loops_ring, gammafunk_temple_overflow_pools,
          minmay_goblin_kobold_house, uniq_grinder
D:4:      layout_basic, ebering_ghost_rock_garden, hangedman_decor_slide_cut

Skill      XL: |  1  2  3  4  5  6 |
---------------+-------------------+-----
Axes           | 3 4 5 6 7 |  7.7
Fighting       | 4 5 6 7 |  7.6
Armour         | |  3.2
Shields        | |  3.2

Action                   |  1- 3 |  4- 6 |  7- 9 || total
-------------------------+-------+-------+-------++-------
Melee: War axe           |   106 |   178 |    83 ||   367
  Eat: Chunk             |     2 |     5 |     3 ||    10
Armor: Scale mail        |    26 |       |       ||    26
       Ring mail         |    11 |    47 |    19 ||    77
Dodge: Dodged            |    34 |    46 |    34 ||   114
Block: Shield            |    49 |    76 |    39 ||   164
